 Dungeon Crawl Stone Soup version 0.32-a0-571-gec57dfcd37 (webtiles) character file.

Game seed: 15899887686021729190

6 BeKind the Caller (level 1, 0/11 HPs)
             Began as an Octopode Summoner on Mar 1, 2024.
             Slain by a goblin
             ... wielding a +0 dagger
              (3 damage)
             ... on level 1 of the Dungeon.
             The game lasted 00:00:13 (164 turns).

BeKind the Caller (Octopode Summoner)                Turns: 164, Time: 00:00:13

Health: 0/11       AC:  1    Str:  7    XL:     1   Next: 90%
Magic:  1/3        EV: 13    Int: 17    God:
Gold:   51         SH:  0    Dex: 12    Spells: 3/4 levels left

rFire   . . .        (no weapon)
rCold   . . .        (no shield)
rNeg    . . .        (helmet restricted)
rPois   .            (no amulet)
rElec   .            (no ring)
rCorr   .            (no ring)
SInv    .            (no ring)
Will    .....        (no ring)
Stlth   +++          (no ring)
HPRegen 0.21/turn    (no ring)
MPRegen 0.08/turn    (no ring)
                     (no ring)

%: no passive effects
@: no status effects
A: almost no armour, amphibious, 8 rings, camouflage 1, gelatinous body 1,
(nimble swimmer 1), tentacles
a: no special abilities


You were on level 1 of the Dungeon.
You visited 1 branch of the dungeon, and saw 1 of its levels.

You collected 51 gold pieces.

Inventory:

Potions
 a - a potion of magic


   Skills:
 + Level 2.1 Dodging
 + Level 2.9 Stealth
 + Level 2.1 Spellcasting
 + Level 4.0 Summonings


You had 3 spell levels left.
You knew the following spells:

 Your Spells              Type           Power      Damage    Failure   Level
a - Summon Small Mammal   Summ           60%        N/A       3%          1

Your spell library contained the following spells:

 Spells                   Type           Power      Damage    Failure   Level
 Call Imp                 Summ           30%        N/A       5%          2
 Call Canine Familiar     Summ           15%        N/A       11%         3
 Summon Blazeheart Golem  Fire/Summ      8%         N/A       63%         4
 Summon Lightning Spire   Summ/Air       8%         N/A       63%         4


Dungeon Overview and Level Annotations

Branches:
Dungeon (1/15)

Altars:


Innate Abilities, Weirdness & Mutations

You cannot wear most types of armour.
You are amphibious.
You can wear up to eight rings at the same time.
Your skin changes colour to match your surroundings (Stealth+).
Your rubbery body absorbs attacks. (AC +1, EV +1)
((You are camouflaged when in or above water. (Stealth+)))
You have tentacles for arms and can constrict up to eight enemies at once.


Message History

Found a leather armour.
No target in view!
An endoplasm comes into view.
You see here 3 gold pieces.
A ball python comes into view.
Your rat bites the ball python!
The ball python dies!
Your rat disappears in a puff of smoke!
You tentacle-slap the endoplasm but do no damage.
Your quokka bites the endoplasm but does no damage.
The endoplasm hits you.
You tentacle-slap the endoplasm.
The endoplasm is lightly wounded.
Your quokka bites the endoplasm.
Your quokka barely misses the endoplasm.
The endoplasm hits you.
You tentacle-slap the endoplasm.
You squeeze the endoplasm, but do no damage.
The endoplasm is severely wounded.
Your quokka bites the endoplasm.
The endoplasm dies!
No target in view!
HP restored.
Your quokka disappears in a puff of smoke!
Your quokka disappears in a puff of smoke!
You now have 51 gold pieces (gained 3).
A kobold comes into view. It is wielding a +0 club.
A goblin comes into view. It is wielding a +0 dagger.
Found a ring mail.
A bat comes into view.
Found a ring mail.
A goblin comes into view. It is wielding a +0 dagger.
The goblin shouts!
The bat closely misses you. The bat misses you.
The goblin hits you with a +0 dagger. The bat barely misses you.
The bat hits you but does no damage. The goblin hits you with a +0 dagger.
* * * LOW HITPOINT WARNING * * *
The goblin hits you with a +0 dagger.
You die...

.###...##..#.....#. #.
##.###.###....#. #.
####.## ##..... ##.#
#...###....## #...
#....#.....##
#...#####............
#...#..........####..
####.rg#.#####...... ..
.....b.@...#......### ..
..[...Kg.....#....#.....
.........r..........#...
##.#...#.###.#..........
# #..[#.. ......~~~~~~~
#...#.###.#...~.....~
#...#.# #...........~
##.. .. #.~~~~~...~
#.~..<~...~


You could see 2 goblins, a bat (ally target), a kobold, a friendly quokka
(summoned) and a friendly rat (summoned).

Vanquished Creatures
  A goblin (D:1)
  A frilled lizard (D:1)
2 creatures vanquished.

Vanquished Creatures (collateral kills)
  A ball python (D:1)
  An endoplasm (D:1)
  A giant cockroach (D:1)
3 creatures vanquished.

Grand Total: 5 creatures vanquished

Notes
Turn   | Place    | Note
-------+----------+-------------------------------------------
     0 | D:1      | BeKind the Octopode Summoner began the quest for the Orb.
     0 | D:1      | Reached XP level 1. HP: 11/11 MP: 3/3
   164 | D:1      | Slain by a goblin

Illustrated notes

Levels and vault maps discovered:
D:1:      ebering_trefoil_twist, layout_loops_cross

Action                     || total
---------------------------++-------
  Melee: Unarmed           ||    10
         Constrict         ||     3
         Tentacles         ||     2
   Cast: Summon Small Mamm ||     8
 Armour: Skin              ||     6
  Dodge: Dodged            ||    10

Table legend: (Time is in decaauts)
 A = Elapsed time spent in this place.
 B = Non-inter-level travel time spent in this place.
 C = Inter-level travel time spent in this place.
 D = Time resting spent in this place.
 E = Time spent auto-exploring this place.
 F = Levels seen in this place.
 G = Mean time per level.
                   A        B        C        D        E       F      G
               +--------+--------+--------+--------+--------+-----+--------+
         Total |    164 |    164 |      0 |      0 |    123 |   1 |  164.0 |
       Dungeon |    164 |    164 |      0 |      0 |    123 |   1 |  164.0 |
               +--------+--------+--------+--------+--------+-----+--------+

Top non-repeatable levels by time:
     D:1: 164 daAuts
